 Dungeon Crawl Stone Soup version 0.31-a0-845-g9abc20d24f (webtiles) character file.

Game seed: 4992290972087567918

9328 CrazyBamboolord the Dealer of Despair (level 11, -4/58 HPs)
             Began as a Vine Stalker Necromancer on Oct 3, 2023.
             Was an Elder of Kikubaaqudgha.
             Slain by a komodo dragon (17 damage)
             ... on level 10 of the Dungeon.
             The game lasted 00:31:04 (11492 turns).

CrazyBamboolord the Dealer of Despair (VSNe)       Turns: 11492, Time: 00:31:05

Health: -4/58      AC:  8    Str: 12    XL:     11   Next: 44%
Magic:  0/24       EV: 14    Int: 19    God:    Kikubaaqudgha [****..]
Gold:   614        SH:  0    Dex: 14    Spells: 6/27 levels left

rFire   . . .        w - +1 short sword (drain)
rCold   + . .        (no shield)
rNeg    . . .        a - +0 robe
rPois   +            p - +2 hat
rElec   .            z - +1 cloak
rCorr   .            b - +1 pair of gloves
SInv    .            (no boots)
Will    +....        (no amulet)
Stlth   ++++         c - ring of poison resistance
HPRegen 1.09/turn    e - ring of protection from cold
MPRegen 0.19/turn

%: guardian spirit
@: very slightly contaminated
A: fangs 3, regeneration 1, magic shield, antimagic bite, no potion heal 2
a: Renounce Religion, Unearth Wretches


You were on level 10 of the Dungeon.
You worshipped Kikubaaqudgha.
Kikubaaqudgha was greatly pleased with you.
You visited 1 branch of the dungeon, and saw 10 of its levels.
You also visited: Sewer and Ossuary.

You collected 614 gold pieces.

Inventory:

Hand Weapons
 w - a +1 short sword of draining (weapon)
Missiles
 k - a throwing net
Armour
 a - a +0 robe (worn)
 b - a +1 pair of gloves (worn)
 p - a +2 hat (worn)
 z - a +1 cloak (worn)
 A - an orb of energy
Jewellery
 c - a ring of poison resistance (left hand)
 e - a ring of protection from cold (right hand)
 g - a ring of ice
 o - a ring of fire
 q - a ring of positive energy
Wands
 r - a wand of paralysis (12)
 y - a wand of acid (4)
 B - a wand of flame (3)
Scrolls
 f - 2 scrolls of amnesia
 i - 2 scrolls of poison
 l - a scroll of brand weapon
 m - 3 scrolls of blinking
 n - 2 scrolls of noise
 s - a scroll of revelation
 u - 3 scrolls of fog
 x - 2 scrolls of immolation
 C - 2 scrolls of fear {unknown}
 E - a scroll of torment
 F - 2 scrolls of teleportation
Potions
 d - a potion of haste {unknown}
 h - 4 potions of curing
 j - a potion of cancellation
 t - a potion of lignification {unknown}
 v - a potion of might


   Skills:
 * Level 6.4 Fighting
 * Level 6.0 Dodging
 - Level 9.0 Stealth
 * Level 8.7 Spellcasting
 * Level 5.2 Hexes
 * Level 9.3 Necromancy


You had 6 spell levels left.
You knew the following spells:

 Your Spells              Type           Power      Damage    Failure   Level
a - Necrotise             Necr           100%       1d9       1%          1
b - Vampiric Draining     Necr           43%        2d9       1%          3
c - Animate Dead          Necr           43%        N/A       1%          4
d - Dispel Undead         Necr           43%        3d17      1%          4
e - Agony                 Necr           43%        N/A       4%          5
f - Anguish               Hex/Necr       18%        N/A       4%          4

Your spell library contained the following spells:

 Spells                   Type           Power      Damage    Failure   Level
 Kiss of Death            Conj/Necr      100%       2d13      1%          1
 Jinxbite                 Hex            56%        N/A       1%          2
 Sublimation of Blood     Necr           43%        N/A       1%          2
 Cigotuvi's Dreadful Rot  Necr/Pois/Air  40%        N/A       3%          2
 Sigil of Binding         Hex            28%        N/A       3%          3
 Ensorcelled Hibernation  Hex/Ice        36%        N/A       4%          2
 Call Canine Familiar     Summ           8%         N/A       26%         3
 Dimensional Bullseye     Hex/Tloc       9%         N/A       28%         4
 Leda's Liquefaction      Hex/Erth       9%         N/A       28%         4
 Death Channel            Necr           21%        N/A       28%         6
 Simulacrum               Ice/Necr       13%        N/A       88%         6


Dungeon Overview and Level Annotations

Branches:
Dungeon (10/15)            Temple (0/1) D:6           Sewer (visited)
Ossuary (visited)
   Lair: D:8-11         Orc: D:9-12

Altars:
Ashenzari
Cheibriados
Hepliaklqana
Kikubaaqudgha
Nemelex Xobeh
Sif Muna
Vehumet
The Shining One

Shops:
D:4 [   D:6 (

Annotations:
D:5 3 runed translucent doors, Ethylacetat's ghost, novice OpSh; slavik159's ghost, novice MiHu


Innate Abilities, Weirdness & Mutations

You have razor-sharp teeth.
Your natural rate of healing is unusually fast.
When hurt, damage is shared between your health and your magic reserves.
Your bite disrupts and absorbs the magic of your enemies.
Potions cannot restore your health.


Message History

You now have 597 gold pieces (gained 14).
You see here a +0 dagger.
You now have 614 gold pieces (gained 17).
You see here a yak corpse.
Found 5 atropa-tipped darts.
F - 2 scrolls of teleportation (gained 1)
C - 2 scrolls labelled ZEGINA LIWN (gained 1)
m - 3 scrolls of blinking (gained 2)
A komodo dragon comes into view.
A komodo dragon is nearby!
The komodo dragon hisses angrily.
The komodo dragon writhes in agony.
The komodo dragon writhes in agony!
The komodo dragon closely misses you.
You barely miss the komodo dragon. Your bite misses the komodo dragon.
The komodo dragon is moderately wounded.
The komodo dragon bites you!!
You hit the komodo dragon but do no damage.
You bite the komodo dragon! You drain its power.
You feel invigorated.
The komodo dragon is heavily wounded.
The komodo dragon bites you!!
You are too injured to fight recklessly!
Casting: Necrotise (safe; 1% risk of failure)
Confirm with . or Enter, or press ? or * to list all spells.
Aiming: Vampiric Draining (safe; 1% risk of failure)
Press: ? - help, Shift-Dir - straight line, f/p - komodo dragon
Aim: a komodo dragon (heavily wounded)
You draw life force from the komodo dragon.
You feel life coursing into your body. The komodo dragon bites you!!
* * * LOW HITPOINT WARNING * * *
Unknown command.
Casting: Vampiric Draining (safe; 1% risk of failure)
Confirm with . or Enter, or press ? or * to list all spells.
Aiming: Vampiric Draining (safe; 1% risk of failure)
Press: ? - help, Shift-Dir - straight line, f/p - komodo dragon
Aim: a komodo dragon (severely wounded)
You miscast Vampiric Draining.
You are very lightly contaminated with residual magic.
Nothing appears to happen.
The komodo dragon bites you!!
You die...
Kikubaaqudgha rasps: "You have failed me!
Welcome... death!"

###....##### .............
.###...###### .####.## ######
......# #####...... .######
###8....$....
.##########..#........
.......##....#...l.#########
.....###.....##.@###.......####
####..#.......#...............###
#.....†....#........8(.......#
####.##.......###...............#
.....###........####.......###..#
###<.# ##..........#########.....
.....######..............†.......
..........###.........).........8
##..[#...## ######...........####


You could see a komodo dragon.

Vanquished Creatures
  Gastronok (D:10)
  Amaemon (D:8)
  Maurice (D:8)
  An orange demon (D:8)
  Jeremiah (D:8)
  2 shadows (D:9)
  2 wraiths
  3 wyverns
  A steam dragon (D:8)
  3 vampire mosquitoes (D:10)
  An acid dragon (D:10)
  7 water moccasins
  Pargi (Sewer)
  3 ice beasts
  A black bear (D:7)
  3 ogres
  4 phantoms
  3 centaurs
  4 kobold brigands
  6 bullfrogs
  6 scorpions
  12 wights
  2 electric eels (D:10)
  A howler monkey (D:10)
  2 hounds
  A jelly (D:6)
  4 orc priests
  Jessica (D:3)
  7 iguanas
  A sleepcap (D:7)
  7 orc wizards
  A mummy (Ossuary)
  8 gnolls
  10 adders
  A shadow imp (D:8)
  A worm (D:5)
  7 dart slugs
  24 orcs
  9 bats
  2 endoplasms
  4 giant cockroaches
  10 goblins
  12 hobgoblins
  2 jackals (D:3)
  34 kobolds
  6 quokkas
  6 ball pythons
  8 frilled lizards
  8 gnoll skeletons (Ossuary)
  6 kobold skeletons (Ossuary)
  11 orc skeletons (Ossuary)
  6 rats
269 creatures vanquished.

Vanquished Creatures (collateral kills)
  Maggie (D:7)
  A yak (D:10)
  A centaur (D:7)
  A hound (D:5)
  2 worms
  2 dart slugs
  A goblin (D:2)
  A hobgoblin (D:2)
  A ball python (D:2)
  3 bats (D:2)
14 creatures vanquished.

Vanquished Creatures (others)
  A kobold zombie (D:7)
1 creature vanquished.

Grand Total: 284 creatures vanquished

Notes
Turn   | Place    | Note
-------+----------+-------------------------------------------
     0 | D:1      | CrazyBamboolord the Vine Stalker Necromancer began the
                  | quest for the Orb.
     0 | D:1      | Reached XP level 1. HP: 9/9 MP: 4/4
   106 | D:1      | Reached XP level 2. HP: 13/13 MP: 3/6
   482 | D:1      | Reached XP level 3. HP: 17/17 MP: 2/7
   496 | D:1      | Learned a level 3 spell: Vampiric Draining
  1202 | D:1      | Reached XP level 4. HP: 21/21 MP: 5/9
  1318 | D:2      | Reached skill level 1 in Fighting
  1513 | D:2      | Identified the +9 sling of Fury {heavy, +Blink rF- SInv
                  | Stlth+}
  1973 | D:3      | Reached XP level 5. HP: 23/25 MP: 1/10
  2152 | D:3      | Noticed Jessica
  2168 | D:3      | Killed Jessica
  2528 | D:3      | Found an ancient bone altar of Kikubaaqudgha.
  2538 | D:3      | Became a worshipper of Kikubaaqudgha
  2564 | D:3      | Reached skill level 5 in Necromancy
  2564 | D:3      | Reached XP level 6. HP: 30/30 MP: 6/12
  2964 | D:3      | Learned a level 4 spell: Animate Dead
  3016 | D:4      | Found Izikyewnao's Antique Armour Shoppe.
  3978 | D:5      | Entered Level 5 of the Dungeon
  4039 | D:5      | Found a runed translucent gate.
  4040 | D:5      | Found a runed translucent gate.
  4041 | D:5      | Found a runed translucent gate.
  4042 | D:5      | Noticed slavik159's ghost (novice MiHu)
  4043 | D:5      | Noticed Ethylacetat's ghost (novice OpSh)
  4130 | D:5      | Reached skill level 5 in Stealth
  4130 | D:5      | Reached XP level 7. HP: 13/35 MP: 2/14
  4139 | D:5      | HP: 1/35 [scorpion (4)]
  4144 | D:5      | HP: 1/35 [poisoned by a scorpion]
  4248 | D:5      | Found a glowing drain.
  4260 | Sewer    | Entered a sewer
  4388 | Sewer    | Reached * piety under Kikubaaqudgha
  4388 | Sewer    | Received a gift from Kikubaaqudgha
  4454 | Sewer    | Noticed Pargi
  4463 | Sewer    | Killed Pargi
  4752 | D:5      | Gained mutation: You have razor-sharp teeth. [Vine Stalker
                  | growth]
  4752 | D:5      | Reached XP level 8. HP: 34/39 MP: 6/16
  4924 | D:5      | Reached skill level 5 in Spellcasting
  5544 | D:5      | Identified the +3 falchion of the Wheel {protect, Dex+5}
  5640 | D:5      | Found a sparkling altar of Nemelex Xobeh.
  5640 | D:5      | Found a hazy altar of Hepliaklqana.
  5848 | D:6      | Found Bupoisk's Weapon Emporium.
  5920 | D:6      | Reached XP level 9. HP: 27/44 MP: 8/18
  5994 | D:6      | Found a staircase to the Ecumenical Temple.
  6000 | D:6      | Found a shimmering blue altar of Sif Muna.
  6200 | D:6      | Reached ** piety under Kikubaaqudgha
  6211 | D:6      | Paralysed by a wight for 3 turns
  6398 | D:6      | Found a snail-covered altar of Cheibriados.
  6466 | D:6      | Found a radiant altar of Vehumet.
  6786 | D:7      | Found a broken altar of Ashenzari.
  6822 | D:7      | Found a sand-covered staircase.
  6832 | Ossuary  | Entered an ossuary
  6989 | Ossuary  | Reached *** piety under Kikubaaqudgha
  6989 | Ossuary  | Received a gift from Kikubaaqudgha
  7000 | Ossuary  | Learned a level 4 spell: Dispel Undead
  7154 | D:7      | Reached skill level 1 in Hexes
  7507 | D:7      | Noticed Maggie
  7519 | D:7      | Killed Maggie
  7568 | D:7      | Reached XP level 10. HP: 49/51 MP: 19/21
  8100 | D:8      | Learned a level 5 spell: Agony
  8105 | D:8      | Learned a level 4 spell: Anguish
  8108 | D:8      | Noticed Amaemon
  8108 | D:8      | Noticed an orange demon
  8109 | D:8      | Noticed Maurice
  8350 | D:8      | Maurice stole a ring of fire
  8352 | D:8      | Maurice stole a throwing net
  8355 | D:8      | Maurice stole 394 gold
  8356 | D:8      | Killed Maurice
  8357 | D:8      | Reached skill level 5 in Fighting
  8536 | D:8      | Noticed Jeremiah
  8552 | D:8      | Killed Jeremiah
  8619 | D:8      | Killed an orange demon
  8624 | D:8      | Reached skill level 5 in Dodging
  8629 | D:8      | Killed Amaemon
  9055 | D:9      | Reached **** piety under Kikubaaqudgha
  9452 | D:9      | Reached XP level 11. HP: 35/56 MP: 4/24
 10416 | D:10     | Entered Level 10 of the Dungeon
 10590 | D:10     | Found a glowing golden altar of the Shining One.
 10644 | D:10     | Noticed Gastronok
 10663 | D:10     | Killed Gastronok
 10664 | D:10     | Reached skill level 5 in Hexes
 11492 | D:10     | Slain by a komodo dragon

Illustrated notes

Levels and vault maps discovered:
D:1:      minmay_arrival_four_circles, layout_loops_ring, minmay_split_cup_large
D:2:      layout_rooms
D:3:      layout_loops_ring, kiku_gazebo_pond_becter, nicolae_half_adder,
          uniq_jessica
D:4:      layout_cave_pods, serial_shops, nicolae_diamond_shop
D:5:      minmay_chambers_of_threes, layout_basic,
          gammafunk_temple_overflow_elements, portal_sewer_entry_d,
          gammafunk_ghost_cemetery
D:6:      layout_rooms, mainiacjoe_overflow_cross_hatched, old_standard_altar,
          nicolae_vehumet_radiance, minmay_temple_entry_from_below_b,
          serial_shops, shop, minmay_unpleasant_kobolds
D:7:      layout_basic, mainiacjoe_overflow_tiny_flanked,
          nicolae_ossuary_entry_ruins, nicolae_concentric_dashed_squares_wild,
          uniq_maggie
D:8:      layout_basic, uniq_jeremiah, uniq_maurice, uniq_amaemon
D:9:      layout_layer_cave, grunt_ministairs_2
D:10:     kennysheep_spiral_hall, layout_loops_ring, tso_metal_star,
          trog_hazing_becter, grunt_lair_entry_orc_guard_hut,
          minmay_orc_entry_temple_small, serial_shops, kennysheep_mini,
          fountainhead, minmay_crystal_water, feat_on_display, uniq_gastronok

Skill      XL: |  1  2  3  4  5  6  7  8  9 10 11 |
---------------+----------------------------------+-----
Stealth        | 3 4 5 6 7 9 |  9.0
Spellcasting   | 3 4 5 7 8 |  8.7
Fighting       | 1 2 3 4 5 6 |  6.4
Dodging        | 2 3 4 5 6 |  6.0
Necromancy     | 5 6 7 8 9 |  9.3
Hexes          | 1 4 5 |  5.2

Action                     |  1- 3 |  4- 6 |  7- 9 | 10-12 || total
---------------------------+-------+-------+-------+-------++-------
  Melee: Unarmed           |     4 |       |       |       ||     4
         Bite              |     4 |    12 |    98 |    34 ||   148
         Dagger            |     4 |    45 |   252 |       ||   301
         Short sword       |       |       |     8 |   109 ||   117
         Punch             |       |       |       |     2 ||     2
   Cast: Necrotise         |    62 |   147 |   150 |    93 ||   452
         Vampiric Draining |       |     2 |    28 |    33 ||    63
         Dispel Undead     |       |       |     2 |    16 ||    18
         Animate Dead      |       |       |     1 |       ||     1
         Anguish           |       |       |       |     2 ||     2
         Agony             |       |       |       |     2 ||     2
  Evoke: Wand              |       |       |       |     8 ||     8
    Use: Scroll            |       |     4 |    12 |     3 ||    19
         Potion            |       |     2 |     3 |     1 ||     6
   Stab: Sleeping          |     1 |     2 |     7 |     6 ||    16
         Paralysed         |       |       |       |     2 ||     2
         Distracted        |       |       |       |     1 ||     1
 Armour: Robe              |    12 |    84 |   233 |   148 ||   477
  Dodge: Dodged            |    11 |    66 |   251 |   146 ||   474

Table legend: (Time is in decaauts)
 A = Elapsed time spent in this place.
 B = Non-inter-level travel time spent in this place.
 C = Inter-level travel time spent in this place.
 D = Time resting spent in this place.
 E = Time spent auto-exploring this place.
 F = Levels seen in this place.
 G = Mean time per level.
                   A        B        C        D        E       F      G
               +--------+--------+--------+--------+--------+-----+--------+
         Total |  11503 |  11059 |    444 |    925 |   7339 |  12 |  958.6 |
       Dungeon |  10958 |  10514 |    444 |    838 |   7339 |  10 | 1095.8 |
         Sewer |    261 |    261 |      0 |     39 |      0 |   1 |  261.0 |
       Ossuary |    282 |    282 |      0 |     48 |      0 |   1 |  282.0 |
               +--------+--------+--------+--------+--------+-----+--------+

Top non-repeatable levels by time:
     D:5: 1539 daAuts
     D:9: 1376 daAuts
     D:1: 1285 daAuts
     D:3: 1244 daAuts
     D:7: 1190 daAuts
    D:10: 1079 daAuts
     D:6: 979 daAuts
     D:4: 961 daAuts
     D:8: 816 daAuts
     D:2: 485 daAuts
 Ossuary: 282 daAuts
   Sewer: 261 daAuts
